 Dungeon Crawl Stone Soup version 0.24.0-10-g970556be89 (console) character file.

Game seed: 7024282138830664932, levelgen mode: deterministic

54 AlterAsc the Magician (level 3, 0/19 HPs)
             Began as a Deep Elf Ice Elementalist on Nov 3, 2019.
             Slain by a rat (2 damage)
             ... on level 3 of the Dungeon.
             The game lasted 00:06:46 (1705 turns).

AlterAsc the Magician (Deep Elf Ice Elementalist)   Turns: 1705, Time: 00:06:47

Health: 0/19       AC:  3    Str:  5    XL:     3   Next: 66%
Magic:  10/10      EV: 13    Int: 20    God:
Gold:   85         SH:  0    Dex: 15    Spells: 9/10 levels left

rFire    x . .     SeeInvis .   j - +2 whip (vamp)
rCold    + . .     Gourm    .   (no shield)
rNeg     . . .     Faith    .   a - +1 robe
rPois    .         Spirit   .   (no helmet)
rElec    .         Reflect  .   (no cloak)
rCorr    .         Harm     .   (no gloves)
MR       .....                  (no boots)
Stlth    ++........             (no amulet)
HPRegen  0.06/turn              i - ring of ice
MPRegen  0.12/turn              (no ring)

@: no status effects
A: no striking features
a: no special abilities


You were on level 3 of the Dungeon.
You were not hungry.

You visited 1 branch of the dungeon, and saw 3 of its levels.

You collected 85 gold pieces.

Inventory:

Hand Weapons
 j - a +2 vampiric whip (weapon)
Armour
 a - a +1 robe (worn)
Jewellery
 i - a ring of ice (left hand)
Scrolls
 h - a scroll of teleportation {unknown}
 k - a scroll of identify
Potions
 b - 2 potions of curing {unknown}
 d - a potion of heal wounds {unknown}
 e - a potion of degeneration {unknown}
 g - 3 potions of flight
 m - a potion of brilliance {unknown}
 o - a potion of agility {unknown}
Comestibles
 c - 5 rations
 f - 4 chunks of flesh


   Skills:
 - Level 3.0 Dodging
 - Level 3.0 Stealth
 + Level 4.0 Spellcasting
   Level 1.1 Conjurations
 + Level 4.0 Ice Magic


You had 9 spell levels left.
You knew the following spells:

 Your Spells              Type           Power        Failure   Level  Hunger
a - Freeze                Ice            ####         2%          1    None

Your spell library contained the following spells:

 Spells                   Type           Power        Failure   Level  Hunger
 Throw Frost              Conj/Ice       ###...       7%          2    #......
 Ozocubu's Armour         Chrm/Ice       ###.....     17%         3    ###....
 Throw Icicle             Conj/Ice       ###.....     41%         4    ####...
 Summon Ice Beast         Ice/Summ       ###.....     50%         4    ####...


Dungeon Overview and Level Annotations

Branches:
Dungeon (3/15)

Altars:

Annotations:
D:2 Sigmund, Terence
D:3 1 exclusion, Grinder


Message History

Found a scroll of identify.
You see here a jackal corpse.
You butcher the jackal corpse.
f - 4 chunks of flesh (gained 3)
You see here a jackal skeleton.
k - a scroll of identify A centaur comes into view.
Unknown command.
The centaur shouts!
Found a scroll of remove curse.
The centaur wields a +0 shortbow.
The centaur shoots an arrow.
The arrow misses you.
The centaur shoots an arrow.
The arrow hits you!
You see here an arrow.
A rat and a jackal come into view.
The centaur shoots an arrow.
The arrow misses you.
The centaur shoots an arrow.
The arrow hits you!
* * * LOW HITPOINT WARNING * * *
You see here an arrow.
The rat bites you.
You die...

..............###.≈P≈≈≈..
.########..<..# #.≈P≈≈≈P.
.# ...........###..≈≈≈≈..
.# ######.#...##(..≈≈≈≈P.
.+ #.#...##.(≈≈≈≈P≈. .#
#.#....(..c≈≈≈≈.. .#
#......(...≈P≈P≈. .#
####.....#..≈≈≈≈. .#
#...(...@#.≈≈c≈≈. .#
#.##.#.##r..≈≈≈.. ## #
#... ...≈≈P≈? ##.#
.≈≈≈≈≈≈≈ .. ..≈≈≈≈≈ ##h
.≈≈≈≈≈≈ ## ..≈≈≈≈≈
...≈≈≈≈


You could see a centaur and a rat.

Vanquished Creatures
  An adder (D:2)
  A worm (D:3)
  3 dart slugs
  A leopard gecko (D:1)
  2 goblins
  3 hobgoblins
  2 jackals (D:3)
  A quokka (D:3)
  7 bats
  5 frilled lizards
  7 kobolds
  3 rats
36 creatures vanquished.

Notes
Turn   | Place    | Note
-------+----------+-------------------------------------------
     0 | D:1      | AlterAsc the Deep Elf Ice Elementalist began the quest for
                  | the Orb.
     0 | D:1      | Reached XP level 1. HP: 10/10 MP: 6/6
   167 | D:1      | Reached XP level 2. HP: 13/15 MP: 4/8
   697 | D:2      | Reached XP level 3. HP: 16/19 MP: 7/10
   774 | D:2      | Noticed Sigmund
   979 | D:2      | Noticed Terence
  1198 | D:3      | Noticed Grinder
  1198 | D:3      | Paralysed by Grinder for 4 turns
  1212 | D:3      | Paralysed by Grinder for 5 turns
  1697 | D:3      | Noticed a centaur
  1705 | D:3      | Slain by a rat

Levels and vault maps discovered:
D:1:      ncdulo_watergridlock, layout_loops_ring
D:2:      layout_basic, chequers_serial_rivers_micro_c,
          chequers_serial_rivers_room_b, feat_on_display, uniq_sigmund,
          uniq_terence
D:3:      minmay_chambers_of_twos, layout_basic, first_ration,
          chequers_big_river, uniq_grinder

Skill      XL: |  1  2  3 |
---------------+----------+-----
Dodging        | 3 |  3.0
Stealth        | 3 |  3.0
Spellcasting   | 4 |  4.0
Ice Magic      | 4 |  4.0
Conjurations   | |  1.1

Action                   || total
-------------------------++-------
Melee: Whip              ||     1
 Cast: Freeze            ||    56
  Use: Scroll            ||     4
  Eat: Chunk             ||     2
Armor: Robe              ||     3
Dodge: Dodged            ||    29
